Map: Aire du défenseur EC

Players

Maxpower - Winner!

  • Race: Protoss Protoss
  • Spawn Location: 7:00

IA (très facile)

  • Race: Protoss Protoss
  • Spawn Location: 1:00

VOD

Have the link to the VOD?

Description

Time

  • Played on: June 9, 2017, 7:13 a.m.
  • Length: 12:18
Show
View Real Time Build Order
Export as new Build Order

Maxpower Protoss - Winner!

Build Orders: 1 Gate Expand 

Get SALT Encoding   

  12  0:01  Probe (Chrono Boost)  
  13  0:12  Probe (Chrono Boost)  
  14  0:20  Pylon  
  14  0:23  Probe (Chrono Boost)  
  15  0:39  Probe (Chrono Boost)  
  15  0:41  Gateway  
  16  0:45  Assimilator  
  16  0:49  Probe (Chrono Boost)  
  17  1:00  Probe (Chrono Boost)  
  18  1:10  Probe (Chrono Boost)  
  19  1:32  Probe (Chrono Boost)  
  20  1:35  Nexus  
  20  1:38  Cybernetics Core  
  20  1:48  Pylon  
  20  1:52  Probe (Chrono Boost)  
  21  2:02  Probe (Chrono Boost)  
  21  2:07  Warp Gate  
  22  2:15  Mothership Core (Chrono Boost)  
  24  2:21  Adept  
  26  2:33  Probe (Chrono Boost)  
  27  2:47  Assimilator  
  27  2:53  Probe x2 (Chrono Boost)  
  27  2:56  Adept  
  31  3:03  Probe (Chrono Boost)  
  33  3:05  Probe (Chrono Boost)  
  33  3:14  Probe (Chrono Boost)  
  33  3:17  Probe (Chrono Boost)  
  35  3:27  Robotics Facility  
  35  3:32  Twilight Council  
  35  3:35  Gateway  
  35  3:37  Gateway  
  35  3:39  Gateway  
  35  3:50  Probe (Chrono Boost)  
  35  3:51  Pylon  
  35  3:52  Probe (Chrono Boost)  
  35  3:54  Pylon  
  37  4:01  Probe (Chrono Boost)  
  39  4:04  Probe (Chrono Boost)  
  39  4:13  Resonating Glaives  
  39  4:15  Observer  
  40  4:31  Probe (Chrono Boost)  
  42  4:32  Probe (Chrono Boost)  
  42  4:36  Pylon  
  42  4:38  Pylon  
  42  4:41  Adept, Probe (Chrono Boost)  
  42  4:42  Adept x3  
  42  4:44  Probe (Chrono Boost)  
  52  4:52  Probe (Chrono Boost)  
  53  4:56  Probe (Chrono Boost)  
  53  4:57  Pylon  
  54  5:01  Pylon  
  54  5:04  Adept x4  
  54  5:05  Immortal  
  66  5:25  Assimilator  
  66  5:26  Assimilator  
  66  5:27  Probe (Chrono Boost)  
  68  5:29  Probe (Chrono Boost)  
  68  5:34  Pylon  
  68  5:35  Pylon  
  68  5:37  Pylon  
  68  5:38  Probe (Chrono Boost)  
  68  5:41  Adept x2, Probe (Chrono Boost)  
  68  5:42  Adept  
  76  5:43  Adept  
  78  6:09  Immortal, Adept  
  78  6:10  Adept x3  
  90  6:27  Pylon  
  90  6:29  Pylon  
  90  6:35  Adept x4  
  98  6:44  Immortal  
  98  6:45  Blink  
  102  6:58  Sentry  
  104  7:04  Forge  
  104  7:05  Forge  
  104  7:14  Sentry  
  104  7:15  Sentry  
  108  7:16  Sentry  
  108  7:18  Immortal  
  114  7:41  Probe (Chrono Boost)  
  115  7:52  Warp Prism  
  117  8:02  Nexus  
  117  8:05  Pylon  
  117  8:07  Pylon  
  117  8:09  Pylon  
  117  8:11  Adept x4  
  125  8:24  Immortal  
  128  8:42  Adept x2  
  128  8:43  Adept x2  
  136  8:56  Protoss Ground Weapons Level 1  
  136  8:58  Immortal, Protoss Ground Armor Level 1  
  140  9:12  Pylon  
  140  9:15  Pylon  
  140  9:21  Robotics Facility  
  140  9:32  Immortal  
  140  9:33  Probe x2 (Chrono Boost)  
  140  9:34  Probe (Chrono Boost)  
  147  9:44  Probe x2 (Chrono Boost)  
  150  9:46  Adept x2, Probe (Chrono Boost)  
  154  9:54  Probe x2 (Chrono Boost)  
  156  10:06  Immortal  
  156  10:12  Adept x2  
  156  10:13  Adept x2  
  168  10:17  Immortal  
  171  10:32  Charge  
  171  10:40  Immortal  
  171  10:47  Adept x4  
  183  10:56  Immortal  
  187  11:08  Assimilator  
  187  11:12  Assimilator  
  187  11:32  Pylon  
  187  11:35  Pylon  
  187  11:37  Pylon  
  187  11:40  Pylon  
  187  11:43  Pylon  
  195  11:58  Sentry  
  197  12:01  Adept  
Show
View Real Time Build Order
Export as new Build Order

IA (très facile) Protoss 

Build Orders:  

Get SALT Encoding   

  12  0:01  Probe (Chrono Boost)  
  13  0:11  Probe (Chrono Boost)  
  14  0:19  Pylon  
  14  0:37  Assimilator  
  14  0:42  Gateway  
  14  0:46  Pylon  
  14  1:13  Assimilator  
  14  1:27  Zealot  
  14  1:28  Probe (Chrono Boost)  
  17  1:33  Cybernetics Core  
  17  1:39  Probe (Chrono Boost)  
  18  1:50  Probe (Chrono Boost)  
  19  1:58  Warp Gate  
  19  2:00  Probe (Chrono Boost)  
  20  2:12  Probe (Chrono Boost)  
  22  2:23  Probe (Chrono Boost)  
  22  2:34  Stalker  
  24  4:13  Probe (Chrono Boost)  
  24  7:00  Adept, Probe (Chrono Boost)  
  24  7:01  Pylon  
  27  7:02  Robotics Facility  
  27  7:08  Nexus  
  27  7:12  Probe (Chrono Boost)  
  27  7:23  Probe (Chrono Boost)  
  28  7:34  Probe (Chrono Boost)  
  26  7:45  Probe (Chrono Boost)  
  26  7:49  Pylon, Observer  
  27  7:56  Probe (Chrono Boost)  
  27  7:57  Stalker  
  30  8:08  Observer  
  31  8:22  Probe (Chrono Boost)  
  32  8:28  Probe (Chrono Boost)  
  32  8:29  Assimilator  
  32  8:31  Assimilator  
  33  8:35  Probe (Chrono Boost)  
  34  8:43  Probe (Chrono Boost)  
  35  8:50  Probe (Chrono Boost)  
  35  8:54  Zealot  
  38  8:58  Probe (Chrono Boost)  
  39  9:05  Probe (Chrono Boost)  
  40  9:11  Probe (Chrono Boost)  
  41  9:18  Probe (Chrono Boost)  
  42  9:25  Probe (Chrono Boost)  
  43  9:33  Probe (Chrono Boost)  
  44  9:40  Probe (Chrono Boost)  
  45  9:47  Probe (Chrono Boost)  
  46  9:54  Probe (Chrono Boost)  
  47  10:01  Probe (Chrono Boost)  
  48  10:30  Stalker  
  48  10:32  Pylon  
  48  10:35  Probe (Chrono Boost)  
  33  10:46  Probe (Chrono Boost)  
  30  10:57  Probe (Chrono Boost)  
  30  10:58  Zealot  
  31  11:08  Probe (Chrono Boost)  
  32  11:20  Probe (Chrono Boost)  
  32  11:21  Nexus  
  32  11:25  Immortal  
  32  11:32  Probe (Chrono Boost)  
  37  11:43  Probe (Chrono Boost)  
  30  11:55  Probe (Chrono Boost)  
  30  11:56  Stalker  
  30  11:57  Pylon  
Tags
 
Add a new tag
Caveats
  • Supply blocks, unpowered buildings, or Contaminate may cause inaccurate times.
  • Supply counts are checked every 10 seconds.